 Dungeon Crawl Stone Soup version 0.26-a0-639-g72c4674329 (webtiles) character file.

Game seed: 3253493588997245224

112 Flugslaktarn the Skirmisher (level 4, -2/41 HPs)
             Began as a Minotaur Fighter on Sept 20, 2020.
             Killed from afar by Pikel (8 damage)
             ... with an iceblast
             ... on level 4 of the Dungeon.
             The game lasted 00:00:34 (929 turns).

Flugslaktarn the Skirmisher (Minotaur Fighter)       Turns: 929, Time: 00:00:34

Health: -2/41      AC:  8    Str: 21    XL:     4   Next: 63%
Magic:  3/3        EV:  7    Int:  5    God:
Gold:   40         SH:  9    Dex: 10    Spells: 3/3 levels left

rFire    + . .     SeeInvis .   a - +0 war axe
rCold    + . .     Faith    .   c - +0 kite shield
rNeg     . . .     Spirit   .   b - +0 scale mail
rPois    +         Reflect  .   (helmet restricted)
rElec    +         Harm     .   (no cloak)
rCorr    +         Rampage  .   g - +0 pair of gloves
MR       .....                  (no boots)
Stlth    ..........             (no amulet)
HPRegen  0.13/turn              (no ring)
MPRegen  0.08/turn              (no ring)

@: resistant
A: retaliatory headbutt, horns 2
a: no special abilities


You were on level 4 of the Dungeon.
You visited 1 branch of the dungeon, and saw 4 of its levels.

You collected 40 gold pieces.

Inventory:

Hand Weapons
 a - a +0 war axe (weapon)
Armour
 b - a +0 scale mail (worn)
 c - a +0 kite shield (worn)
 g - a +0 pair of gloves (worn)
   (You found it on level 2 of the Dungeon)
Scrolls
 e - 2 scrolls of fog {unknown}
 h - 3 scrolls of teleportation {unknown}
 i - a scroll of remove curse {unknown}
Potions
 d - a potion of might


   Skills:
 * Level 4.8 Fighting
 * Level 3.9 Axes
 + Level 4.2 Armour
 + Level 4.2 Shields


You had 3 spell levels left.
You didn't know any spells.
Your spell library was empty.

Dungeon Overview and Level Annotations

Branches:
Dungeon (4/15)
 Temple: D:4-7

Altars:

Annotations:
D:4 Pikel


Innate Abilities, Weirdness & Mutations

You reflexively headbutt those who attack you in melee.
You have a pair of horns on your head.


Message History

You block Pikel's attack.
You are too injured to fight recklessly!
You hit Pikel but do no damage. You headbutt Pikel.
Pikel is moderately wounded.
Pikel barely misses you.
Pikel says, "Don't tell anyone, but I think Ereshkigal likes me."
Pikel hits you with a +1 whip of flaming.
* * * LOW HITPOINT WARNING * * *
Pikel burns you.
* * * LOW HITPOINT WARNING * * *
You hit Pikel but do no damage. Your headbutt misses Pikel.
Pikel is moderately wounded.
Pikel hits you but does no damage.
It was a potion of resistance.
You feel protected.
Pikel hits you with a +1 whip of flaming.
* * * LOW HITPOINT WARNING * * *
Pikel zaps a wand.
The mass of ice explodes!
The iceblast engulfs you! You partially resist.
You die...

#.......#
##....#####
#.......#
####.....†
####.####
####### #.# #.#
#.# #.# #.# #@#
#.# ......# #K#
......#
####5###.(.$5.#
#..555.#...5..#
#......#..5....
#......#5...K
#...)..#..#
#........#


You could see Pikel and 4 lemures.

Vanquished Creatures
  An orc wizard (D:3)
  Ijyb (D:4)
  2 adders
  An ooze (D:3)
  A worm (D:4)
  5 orcs (D:3)
  3 bats (D:1)
  3 giant cockroaches
  4 hobgoblins
  A quokka (D:3)
  A frilled lizard (D:1)
  2 goblins (D:1)
  A kobold (D:2)
  2 rats (D:1)
28 creatures vanquished.

Notes
Turn   | Place    | Note
-------+----------+-------------------------------------------
     0 | D:1      | Flugslaktarn the Minotaur Fighter began the quest for the
                  | Orb.
     0 | D:1      | Reached XP level 1. HP: 19/19 MP: 0/0
   112 | D:1      | Reached XP level 2. HP: 26/27 MP: 1/1
   432 | D:3      | Reached XP level 3. HP: 30/33 MP: 2/2
   603 | D:3      | Reached XP level 4. HP: 23/41 MP: 3/3
   868 | D:4      | Noticed Ijyb
   882 | D:4      | Killed Ijyb
   903 | D:4      | Noticed a lemure
   903 | D:4      | Noticed a lemure
   903 | D:4      | Noticed Pikel
   903 | D:4      | Noticed a lemure
   904 | D:4      | Noticed a lemure
   929 | D:4      | Killed from afar by Pikel

Illustrated notes

Levels and vault maps discovered:
D:1:      zelgadis_glass_arrival_small, layout_basic, kennysheep_minor_cross
D:2:      layout_loops_ring, minmay_misc_feat_hallway, kennysheep_generic_room_6
D:3:      layout_basic, kennysheep_generic_room_4
D:4:      layout_rooms, nicolae_elemental_shop, kennysheep_generic_room_9,
          uniq_duvessa, uniq_ijyb, uniq_grinder, uniq_pikel

Skill      XL: |  1  2  3 |
---------------+----------+-----
Fighting       | 4 |  4.8
Axes           | 3 |  3.9
Shields        | 4 |  4.2
Armour         | 4 |  4.2

Action                   |  1- 3 |  4- 6 || total
-------------------------+-------+-------++-------
Melee: War axe           |    62 |    39 ||   101
       Headbutt          |     6 |    10 ||    16
  Use: Potion            |       |     1 ||     1
Armor: Scale mail        |    29 |    15 ||    44
Dodge: Dodged            |    23 |     8 ||    31
Block: Kite shield       |    48 |    13 ||    61

Table legend: (Time is in decaauts)
 A = Elapsed time spent in this place.
 B = Non-inter-level travel time spent in this place.
 C = Inter-level travel time spent in this place.
 D = Time resting spent in this place.
 E = Time spent auto-exploring this place.
 F = Levels seen in this place.
 G = Mean time per level.
                   A        B        C        D        E       F      G
               +--------+--------+--------+--------+--------+-----+--------+
         Total |    969 |    929 |     40 |    129 |    573 |   4 |  242.2 |
       Dungeon |    969 |    929 |     40 |    129 |    573 |   4 |  242.2 |
               +--------+--------+--------+--------+--------+-----+--------+

Top non-repeatable levels by time:
     D:3: 351 daAuts
     D:2: 243 daAuts
     D:1: 197 daAuts
     D:4: 177 daAuts
